 Dungeon Crawl Stone Soup version 0.22-a0-587-g7d32d7c (webtiles) character file.

21 corax the Sneak (level 2, -2/15 HPs)
             Began as a Spriggan Assassin on July 4, 2018.
             Slain by a jackal (3 damage)
             ... on level 1 of the Dungeon.
             The game lasted 00:00:58 (201 turns).

corax the Sneak (Spriggan Assassin)                  Turns: 201, Time: 00:00:59

Health: -2/15      AC:  3    Str:  7    XL:     2   Next: 65%
Magic:  3/3        EV: 17    Int: 12    God:
Gold:   30         SH:  0    Dex: 17    Spells: 1/1 levels left

rFire    . . .     SeeInvis +   a - +2 dagger
rCold    . . .     Gourm    .   (shield restricted)
rNeg     . . .     Faith    .   c - +0 robe
rPois    .         Spirit   .   (helmet restricted)
rElec    .         Reflect  .   d - +0 cloak
rCorr    .         Harm     .   (gloves unavailable)
MR       .....                  (boots unavailable)
Stlth    +++.......             (no amulet)
HPRegen  0.05/turn              (no ring)
MPRegen  0.08/turn              (no ring)

@: very quick
A: very small, unfitting armour, see invisible, herbivore, speed 3, slow
metabolism 2
a: no special abilities


You were on level 1 of the Dungeon.
You were not hungry.

You visited 1 branch of the dungeon, and saw 1 of its levels.

You collected 30 gold pieces.

Inventory:

Hand Weapons
 a - a +2 dagger (weapon)
 b - a +0 blowgun
Missiles
 e - 8 poisoned needles
 f - 2 curare-tipped needles
 h - 15 stones (quivered)
 i - 19 sling bullets
Armour
 c - a +0 robe (worn)
 d - a +0 cloak (worn)
Scrolls
 j - a scroll of fog {unknown}
Comestibles
 g - a ration


   Skills:
 + Level 1.8 Fighting
 + Level 2.5 Short Blades
 + Level 2.2 Throwing
 + Level 2.2 Dodging
 + Level 6.1 Stealth


You had one spell level left.
You didn't know any spells.
Your spell library was empty.

Dungeon Overview and Level Annotations

Branches:
Dungeon (1/15)

Altars:


Innate Abilities, Weirdness & Mutations

You are very small and have problems with some larger weapons.
You are too small for most types of armour.
You have supernaturally acute eyesight. (SInv)
You are a herbivore.
You cover ground extremely quickly.
You need to consume almost no food.


Message History

The goblin is heavily wounded.
The goblin hits you but does no damage.
You hit the goblin.
The goblin is almost dead.
The jackal barely misses you. x2; The goblin barely misses you.
You closely miss the goblin.
The goblin is almost dead.
The jackal barely misses you.
The jackal bites you but does no damage.
The jackal misses you. The goblin hits you with a dagger.
* * * LOW HITPOINT WARNING * * *
You closely miss the goblin.
The goblin is almost dead.
The jackal bites you.
* * * LOW HITPOINT WARNING * * *
The jackal misses you.
You barely miss the goblin.
The goblin is almost dead.
The jackal misses you. The goblin closely misses you. The jackal bites you.
You die...

#. .# #... #.##.#.
#... ##..... ...
.....# #. # #.... #
#. #.#...##.# ##
#........#
####.h##############
#.g@h...............
#.##h.##############
# #.h.# #.>...
#.#.#.# #.#.#.#
#.#.# # #.#.#


You could see 4 jackals and a goblin.

Vanquished Creatures
  2 oozes (D:1)
  2 bats (D:1)
  A goblin (D:1)
  4 hobgoblins (D:1)
  2 kobolds (D:1)
  A rat (D:1)
12 creatures vanquished.

Notes
Turn   | Place    | Note
-------+----------+-------------------------------------------
     0 | D:1      | corax the Spriggan Assassin began the quest for the Orb.
     0 | D:1      | Reached XP level 1. HP: 10/10 MP: 2/2
    44 | D:1      | Reached skill level 6 in Stealth
    56 | D:1      | Reached XP level 2. HP: 15/15 MP: 3/3
   201 | D:1      | Slain by a jackal

Vault maps used:
D:1:      erik_arrival_gehennom

Skill      XL: |  1 |
---------------+----+-----
Stealth        | 6 |  6.1
Dodging        | 2 |  2.2
Fighting       | |  1.8
Short Blades   | |  2.5
Throwing       | |  2.2

Action                   || total
-------------------------++-------
Melee: Dagger            ||    36
 Stab: Sleeping          ||     9
Armor: Robe              ||     2
Dodge: Dodged            ||    22

Table legend:
 A = Spawn XP
 B = Non-spawn XP
 C = Spawn XP percentage of total XP
 D = Spawn monster count
 E = Non-spawn monster count
 F = Spawn count percentage of total count
 G = Total turns spent on level
                    A         B        C        D         E        F      G
               +---------+---------+-------+---------+---------+-------+---------
         Total |       0 |      31 |   0.0 |       0 |      12 |   0.0 |   201
               +---------+---------+-------+---------+---------+-------+---------
           D:1 |       0 |      31 |   0.0 |       0 |      12 |   0.0 |   201
               +---------+---------+-------+---------+---------+-------+---------
